 Dungeon Crawl Stone Soup version 0.28-a0-622-gbaef9634d7 (webtiles) character file.

Game seed: 4920355481700308189

328 Rennog the Skirmisher (level 6, -2/57 HPs)
             Began as a Minotaur Fighter on Oct 8, 2021.
             Killed from afar by Sigmund (5 damage)
             ... with a magic dart
             ... on level 3 of the Dungeon.
             The game lasted 00:05:17 (4184 turns).

Rennog the Skirmisher (Minotaur Fighter)            Turns: 4184, Time: 00:05:18

Health: -2/57      AC:  7    Str: 21    XL:     6   Next: 25%
Magic:  5/5        EV: 10    Int:  5    God:
Gold:   123        SH:  4    Dex: 11    Spells: 5/5 levels left

rFire   . . .      SeeInvis .   a - +0 flail
rCold   . . .      Faith    .   c - +0 buckler
rNeg    . . .      Spirit   .   b - +0 scale mail
rPois   .          Reflect  .   (helmet restricted)
rElec   .          Harm     .   (no cloak)
rCorr   .          Rampage  .   (no gloves)
Will    .....                   (no boots)
Stlth   ..........              (no amulet)
HPRegen 0.19/turn               (no ring)
MPRegen 0.09/turn               (no ring)

@: no status effects
A: horns 2, retaliatory headbutt
a: no special abilities


You were on level 3 of the Dungeon.
You visited 1 branch of the dungeon, and saw 4 of its levels.

You collected 123 gold pieces.

Inventory:

Hand Weapons
 a - a +0 flail (weapon)
Missiles
 m - 15 poisoned darts (quivered)
Armour
 b - a +0 scale mail (worn)
 c - a +0 buckler (worn)
Jewellery
 r - a ring of fire
Wands
 s - a wand of charming (10)
Scrolls
 e - 3 scrolls of teleportation {unknown}
 f - 2 scrolls of blinking {unknown}
 g - 2 scrolls of brand weapon {unknown}
 h - 7 scrolls of identify {unknown}
 i - a scroll of torment {unknown}
 k - 2 scrolls of amnesia {unknown}
 n - a scroll of acquirement {unknown}
 o - a scroll of magic mapping {unknown}
 p - a scroll of enchant weapon {unknown}
Potions
 d - 2 potions of might
 j - 2 potions of mutation {unknown}
 l - 2 potions of lignification {unknown}
 q - a potion of haste {unknown}
 t - a potion of heal wounds


   Skills:
 * Level 6.0 Fighting
 + Level 4.1 Maces & Flails
 + Level 4.9 Armour
 + Level 2.7 Dodging
 + Level 3.8 Shields


You had 5 spell levels left.
You didn't know any spells.
Your spell library contained the following spells:

 Spells                   Type           Power      Damage    Failure   Level
 Ensorcelled Hibernation  Hex/Ice        0%         N/A       91%         2
 Tukima's Dance           Hex            0%         N/A       99%         3


Dungeon Overview and Level Annotations

Branches:
Dungeon (4/15)
 Temple: D:4-7

Altars:
Vehumet

Shops:
D:1 =   D:3 !

Annotations:
D:3 Sigmund
D:4 3 runed translucent doors, Deadpool446625's ghost, amateur DrMo


Innate Abilities, Weirdness & Mutations

You have a pair of horns on your head.
You reflexively headbutt those who attack you in melee.


Message History

The endoplasm hits you but does no damage.
You hit the endoplasm.
The endoplasm is heavily wounded.
The endoplasm freezes you.
You are frozen.
You hit the endoplasm.
You kill the endoplasm!
Sigmund zaps a wand.
You suddenly lose the ability to move!
Sigmund hits you from afar with a +0 scythe!
You can move again.
You enter the shallow water.
Moving in this stuff is going to be slow.
Sigmund points at you and mumbles some strange words.
The puff of flame hits you!
You barely miss Sigmund.
You are engulfed in a cloud of scalding steam.
Sigmund zaps a wand.
You resist with some effort.
You barely miss Sigmund. You headbutt Sigmund.
Sigmund is lightly wounded.
You are engulfed in a cloud of scalding steam.
* * * LOW HITPOINT WARNING * * *
Sigmund hits you with a +0 scythe!
* * * LOW HITPOINT WARNING * * *
You are too injured to fight recklessly!
You are too injured to fight recklessly!
You are too injured to fight recklessly!
You are too injured to fight recklessly!
You are too injured to fight recklessly!
You are too injured to fight recklessly!
You are too injured to fight recklessly!
You are too injured to fight recklessly!
You are too injured to fight recklessly!
Sigmund mumbles some strange words.
Sigmund flickers and vanishes!
Deactivating autopickup; reactivate with Ctrl-A.
You hear a zap.
Something tries to affect you, but you resist.
A magic dart appears from out of thin air!
The magic dart hits you.
You die...

.###.# ##..≈.....≈≈.#
.###.# ##.§≈.≈...≈≈.≈.#
.#.#.# #.≈..≈.≈≈≈.≈..≈.
.....####.≈...≈.≈≈≈≈≈≈≈.
..).......≈...{≈._≈.....
....#####.≈...≈.≈≈≈≈≈≈≈..
.#..# #.≈..≈.≈≈≈.≈..≈..
##.## ##.≈≈.≈...≈§§§.#
#.## ##..≈.(@..§≈.# .##
##.≈.....§§## #+# ##
##.≈≈≈§≈...# #.# #
##.....##.# #.# ## #
##.#.###.####.###.# #
####.#.#...........# #
#........#.##.....#.#
#.##.#...#.###...##
#.##.......# ##.##


There were no monsters in sight!

Vanquished Creatures
  A sky beast (D:4)
  2 lemures (D:4)
  Blork the orc (D:4)
  Jessica (D:2)
  6 adders
  An adder skeleton (D:4)
  3 worms
  3 dart slugs
  3 orcs
  8 ball pythons
  6 bats
  6 endoplasms
  A giant cockroach (D:3)
  3 goblins (D:1)
  8 hobgoblins
  4 jackals (D:2)
  3 kobolds
  3 quokkas
  7 frilled lizards
  5 rats
75 creatures vanquished.

Notes
Turn   | Place    | Note
-------+----------+-------------------------------------------
     0 | D:1      | Rennog the Minotaur Fighter began the quest for the Orb.
     0 | D:1      | Reached XP level 1. HP: 19/19 MP: 0/0
   193 | D:1      | Reached XP level 2. HP: 25/27 MP: 1/1
   223 | D:1      | Reached skill level 4 in Fighting
   421 | D:1      | Found Duihepnio's Jewellery Shop.
   538 | D:1      | Reached skill level 1 in Dodging
   922 | D:2      | Reached XP level 3. HP: 31/33 MP: 2/2
  1350 | D:2      | Reached XP level 4. HP: 31/41 MP: 3/3
  1538 | D:2      | Noticed Jessica
  1547 | D:2      | Killed Jessica
  1548 | D:2      | Reached skill level 5 in Fighting
  1912 | D:3      | Noticed Sigmund
  2368 | D:3      | Reached XP level 5. HP: 48/48 MP: 4/4
  2428 | D:3      | Found Xakututt's Distillery.
  2771 | D:3      | Found a faded altar of an unknown god.
  2795 | D:4      | Found a radiant altar of Vehumet.
  2796 | D:4      | Noticed a black bear
  2796 | D:4      | Noticed an ogre
  2864 | D:4      | Found a runed translucent gate.
  2864 | D:4      | Found a runed translucent gate.
  2864 | D:4      | Found a runed translucent gate.
  2865 | D:4      | Noticed Deadpool446625's ghost (amateur DrMo)
  2871 | D:4      | Noticed a necrophage
  2873 | D:4      | Noticed a lemure
  2875 | D:4      | Noticed a lemure
  2875 | D:4      | Noticed a lemure
  3006 | D:4      | Noticed a sky beast
  3033 | D:4      | Killed a sky beast
  3290 | D:4      | Noticed a lemure
  3322 | D:4      | Killed a lemure
  3328 | D:4      | Killed a lemure
  3443 | D:4      | Noticed Blork the orc
  3459 | D:4      | Killed Blork the orc
  3460 | D:4      | Reached skill level 6 in Fighting
  3460 | D:4      | Reached XP level 6. HP: 15/57 MP: 5/5
  4177 | D:3      | Paralysed by Sigmund for 2 turns
  4184 | D:3      | Killed from afar by Sigmund

Illustrated notes

Levels and vault maps discovered:
D:1:      tarquinn_simple_flora_water_a, layout_loops_corners, serial_shops,
          shop, chequers_serial_rivers_room_b
D:2:      layout_rooms, chequers_mini_garden, uniq_jessica
D:3:      layout_loops_corners, shapermc_ecumenical_altar_starsandcircs,
          serial_shops, nicolae_shop_window_shopping, minmay_misc_feat_rows,
          uniq_sigmund
D:4:      layout_basic, gammafunk_ghost_split, minmay_ruined_shrine,
          uniq_blork_the_orc, uniq_pikel

Skill      XL: |  1  2  3  4  5 |
---------------+----------------+-----
Fighting       | 4 5 6 |  6.0
Dodging        | 1 2 |  2.7
Armour         | 4 |  4.9
Maces & Flails | 3 4 |  4.1
Shields        | |  3.8

Action                   |  1- 3 |  4- 6 || total
-------------------------+-------+-------++-------
Melee: Flail             |    83 |   117 ||   200
       Headbutt          |    16 |    15 ||    31
Throw: Dart              |     1 |       ||     1
Armor: Scale mail        |    35 |    61 ||    96
Dodge: Dodged            |    40 |    62 ||   102
Block: Buckler           |    15 |    29 ||    44

Table legend: (Time is in decaauts)
 A = Elapsed time spent in this place.
 B = Non-inter-level travel time spent in this place.
 C = Inter-level travel time spent in this place.
 D = Time resting spent in this place.
 E = Time spent auto-exploring this place.
 F = Levels seen in this place.
 G = Mean time per level.
                   A        B        C        D        E       F      G
               +--------+--------+--------+--------+--------+-----+--------+
         Total |   4239 |   4087 |    152 |      0 |   3304 |   4 | 1059.8 |
       Dungeon |   4239 |   4087 |    152 |      0 |   3304 |   4 | 1059.8 |
               +--------+--------+--------+--------+--------+-----+--------+

Top non-repeatable levels by time:
     D:3: 1240 daAuts
     D:4: 1075 daAuts
     D:2: 1013 daAuts
     D:1: 910 daAuts
